 Dungeon Crawl Stone Soup version 0.27-a0-789-g6bb3289e1e (webtiles) character file.

Game seed: 6032598861849290829

52 dolemite99 the Magician (level 3, -8/28 HPs)
             Began as a Djinni Hedge Wizard on Mar 27, 2021.
             Mangled by a worm (10 damage)
             ... on level 2 of the Dungeon.
             The game lasted 00:02:39 (4023 turns).

dolemite99 the Magician (Djinni Hedge Wizard)       Turns: 4023, Time: 00:02:40

Health: -8/28      AC:  6    Str:  9    XL:     3   Next: 85%
Gold:   65         EV: 12    Int: 16    God:
                   SH:  0    Dex: 12

rFire    + + .     SeeInvis .   g - +0 short sword
rCold    x . .     Faith    .   (no shield)
rNeg     . . .     Spirit   .   b - +0 robe
rPois    ∞         Reflect  .   c - +0 hat
rElec    .         Harm     .   (no cloak)
rCorr    .         Rampage  .   (no gloves)
Will     .....                  (boots unavailable)
Stlth    ++........             (no amulet)
HPRegen  0.09/turn              i - +4 ring of protection
MPRegen  0.00/turn              (no ring)

@: flying
A: fire resistance 2, cold vulnerability 1, float, innate caster, hp casting,
extra vitality 1
a: no special abilities


You were on level 2 of the Dungeon.
You visited 1 branch of the dungeon, and saw 2 of its levels.

You collected 65 gold pieces.

Inventory:

Hand Weapons
 a - a +0 dagger
 g - a +0 short sword (weapon)
Missiles
 f - 68 stones
 o - 17 sling bullets
 q - 6 boomerangs
Armour
 b - a +0 robe (worn)
 c - a +0 hat (worn)
 k - a +0 buckler
Jewellery
 h - a ring of resist corrosion
 i - a +4 ring of protection (right hand)
 j - an amulet of regeneration
Scrolls
 d - a scroll of amnesia {unknown}
 n - a scroll of fog {unknown}
 p - a scroll of fear {unknown}
Potions
 e - a potion of heal wounds {unknown}
 l - 2 potions of curing {unknown}
 m - a potion of resistance {unknown}


   Skills:
 + Level 1.7 Fighting
 - Level 2.8 Dodging
 - Level 2.1 Stealth
 - Level 3.0 Spellcasting


You couldn't memorise any spells.
You knew the following spells:

 Your Spells              Type           Power      Damage    Failure   Level
a - Magic Dart            Conj           48%        1d5       5%          1
b - Blink                 Tloc           N/A        N/A       9%          2
c - Call Imp              Summ           12%        N/A       9%          2
d - Slow                  Hex            12%        N/A       9%          2
e - Conjure Flame         Conj/Fire      12%        6-21      16%         3
f - Mephitic Cloud        Conj/Pois/Air  12%        N/A       16%         3
g - Corona                Hex            13%        N/A       5%          1
Your spell library was empty.

Dungeon Overview and Level Annotations

Branches:
Dungeon (2/15)

Altars:

Annotations:
D:2 Robin


Innate Abilities, Weirdness & Mutations

You are immune to poison.
Your flesh is very heat resistant. (rF++)
You are vulnerable to cold. (rC-)
You float through the air rather than walking.
You learn spells naturally, not from books.
Your magical power is your life essence.
You have superior vitality. (+4 HP)


Message History

Press: ? - help, Shift-Dir - straight line, f/p - worm
Aim: a worm (moderately wounded, 0% to evade)
The magic dart hits the worm.
The worm is heavily wounded.
Casting: Magic Dart (safe; 5% risk of failure)
Confirm with . or Enter, or press ? or * to list all spells.
Aiming: Magic Dart (safe; 5% risk of failure)
Press: ? - help, Shift-Dir - straight line, f/p - worm
Aim: a worm (moderately wounded, 0% to evade)
The magic dart hits the worm.
The worm is heavily wounded.
* * * LOW HITPOINT WARNING * * *
Casting: Magic Dart (safe; 5% risk of failure)
Confirm with . or Enter, or press ? or * to list all spells.
Aiming: Magic Dart (safe; 5% risk of failure)
Press: ? - help, Shift-Dir - straight line, f/p - worm
Aim: a worm (moderately wounded, 0% to evade)
The magic dart hits the worm.
The worm is severely wounded.
* * * LOW HITPOINT WARNING * * *
Casting: Magic Dart (safe; 5% risk of failure)
Confirm with . or Enter, or press ? or * to list all spells.
Aiming: Magic Dart (safe; 5% risk of failure)
Press: ? - help, Shift-Dir - straight line, f/p - worm
Aim: a worm (severely wounded, 0% to evade)
The magic dart hits the worm.
The worm is severely wounded.
* * * LOW HITPOINT WARNING * * *
The worm bites you.
* * * LOW HITPOINT WARNING * * *
Casting: Magic Dart (safe; 5% risk of failure)
Confirm with . or Enter, or press ? or * to list all spells.
Aiming: Magic Dart (safe; 5% risk of failure)
Press: ? - help, Shift-Dir - straight line, f/p - worm
Aim: a worm (severely wounded, 0% to evade)
The magic dart hits the worm.
The worm is severely wounded.
* * * LOW HITPOINT WARNING * * *
The worm bites you!
You die...

###### ######.######
##....####.#.##.##.#.###
#.#†....###.##...##.###.
####.......#...8...#....
#.#.....#..#...#..#...
####.#....#..8..#....#
#.#.#..#.......#..#.
.############.##.##.#####
.......#@######...######.
##w##..# ##.## #..##
##.#...####...####..†
#.##........#........
#[#...####..###..####.
#!##..........#........
#.#...##..####...####..#
###.#####....##.##†...##
## ######.....######


You could see a worm.

Vanquished Creatures
  An adder (D:2)
  3 dart slugs (D:1)
  2 endoplasms (D:1)
  5 goblins
  A hobgoblin (D:1)
  3 jackals (D:1)
  2 kobolds (D:1)
  A quokka (D:1)
  4 ball pythons
  5 bats
  2 frilled lizards (D:2)
  3 rats (D:2)
32 creatures vanquished.

Vanquished Creatures (collateral kills)
  An adder (D:2)
1 creature vanquished.

Vanquished Creatures (others)
  4 plants (D:1)
4 creatures vanquished.

Grand Total: 37 creatures vanquished

Notes
Turn   | Place    | Note
-------+----------+-------------------------------------------
     0 | D:1      | dolemite99 the Djinni Hedge Wizard began the quest for the
                  | Orb.
     0 | D:1      | Reached XP level 1. HP: 15/15 MP: 0/0
   987 | D:1      | Reached XP level 2. HP: 11/21 MP: 0/0
  1725 | D:1      | Reached skill level 3 in Spellcasting
  2050 | D:1      | Reached XP level 3. HP: 20/25 MP: 0/0
  2050 | D:1      | Learned a level 1 spell: Corona
  2488 | D:2      | Noticed Robin
  3053 | D:2      | Reached skill level 1 in Fighting
  4023 | D:2      | Mangled by a worm

Illustrated notes

Levels and vault maps discovered:
D:1:      lightli_arrival_flooded_house, layout_basic,
          chequers_serial_rivers_micro_b
D:2:      wad_crossroads, layout_basic, chequers_ecumenical_altar_simple,
          uniq_robin, uniq_crazy_yiuf_cottage

Skill      XL: |  1  2  3 |
---------------+----------+-----
Stealth        | 2 |  2.1
Spellcasting   | 3 |  3.0
Fighting       | 1 |  1.7
Dodging        | |  2.8

Action                   || total
-------------------------++-------
 Cast: Magic Dart        ||    89
       Call Imp          ||     1
Armor: Robe              ||    10
Dodge: Dodged            ||    31

Table legend: (Time is in decaauts)
 A = Elapsed time spent in this place.
 B = Non-inter-level travel time spent in this place.
 C = Inter-level travel time spent in this place.
 D = Time resting spent in this place.
 E = Time spent auto-exploring this place.
 F = Levels seen in this place.
 G = Mean time per level.
                   A        B        C        D        E       F      G
               +--------+--------+--------+--------+--------+-----+--------+
         Total |   4022 |   3955 |     67 |   2771 |    806 |   2 | 2011.0 |
       Dungeon |   4022 |   3955 |     67 |   2771 |    806 |   2 | 2011.0 |
               +--------+--------+--------+--------+--------+-----+--------+

Top non-repeatable levels by time:
     D:1: 2978 daAuts
     D:2: 1044 daAuts
